 Dungeon Crawl Stone Soup version 0.22-a0-393-g7f50228948 (webtiles) character file.

3825 Banto the Covert (level 10, -7/56 HPs)
             Began as an Octopode Ice Elementalist on May 3, 2018.
             Was a Follower of Sif Muna.
             Mangled by an orc
             ... wielding a +0 war axe
              (10 damage)
             ... on level 8 of the Dungeon.
             The game lasted 00:15:41 (9625 turns).

Banto the Covert (Octopode Ice Elementalist)        Turns: 9625, Time: 00:15:42

Health: -7/56      AC:  1    Str:  9    XL:     10   Next: 17%
Magic:  0/13       EV: 13    Int: 20    God:    Sif Muna [*.....]
Gold:   464        SH:  0    Dex: 15    Spells: 7/13 levels left

rFire    x . .     SeeInvis .   y - staff of cold
rCold    + + .     Gourm    .   (no shield)
rNeg     . . .     Faith    .   (helmet restricted)
rPois    .         Spirit   .   (no amulet)
rElec    .         Reflect  .   h - +3 ring of slaying
rCorr    .         Harm     .   l - ring of ice
MR       +....                  j - +3 ring of dexterity
Stlth    ++++++....             z - ring of protection from magic
HPRegen  0.18/turn              (no ring)
MPRegen  0.13/turn              (no ring)
                                (no ring)
                                (no ring)

@: no status effects
A: almost no armour, stealthy swim, amphibious, 8 rings, constrict 8, camouflage
1, gelatinous body 1
a: Divine Energy, Renounce Religion


You were on level 8 of the Dungeon.
You worshipped Sif Muna.
Sif Muna was aware of your devotion.
You were hungry.

You visited 2 branches of the dungeon, and saw 10 of its levels.

You collected 464 gold pieces.

Inventory:

Hand Weapons
 k - a +5 dagger of venom
 F - the +2 dagger of Nialeas {holy, rElec Str+3 Int+3}
   (You found it on level 8 of the Dungeon)

   It has been blessed by the Shining One to cause great damage to the undead
   and demons.
   It affects your strength (+3).
   It affects your intelligence (+3).
   It insulates you from electricity.
Magical Staves
 v - an uncursed staff of power
 y - an uncursed staff of cold (weapon)
Jewellery
 h - a +3 ring of slaying (left tentacle)
 j - a +3 ring of dexterity (on tentacle)
 l - a ring of ice (right tentacle)
 z - a ring of protection from magic (on tentacle)
Wands
 o - a wand of enslavement (43)
 s - a wand of paralysis (10)
 w - a wand of random effects (44)
Scrolls
 i - a scroll of amnesia
 m - a scroll of magic mapping
 p - 3 scrolls of remove curse
 t - 2 scrolls of enchant weapon
 A - a scroll of enchant armour
 C - 2 scrolls of teleportation
Potions
 a - a potion of haste
 c - 4 potions of agility
 d - 2 potions of ambrosia
 e - 6 potions of curing
 f - 5 potions of brilliance
 g - 2 potions of lignification
 n - 5 potions of might
 q - a potion of invisibility {unknown}
 r - 3 potions of flight
 u - 2 potions of magic {unknown}
 x - 4 potions of berserk rage
 D - a potion of degeneration {unknown}
Comestibles
 b - 16 rations
 B - 3 chunks of flesh


   Skills:
 - Level 10.2 Short Blades
 - Level 2.0 Dodging
 - Level 11.1 Stealth
 - Level 2.0 Spellcasting
 - Level 1.0 Conjurations
 + Level 3.9 Charms
 + Level 5.7 Ice Magic


You had 7 spell levels left.
You knew the following spells:

 Your Spells              Type           Power        Failure   Level  Hunger
a - Freeze                Ice            ####         1%          1    #......
b - Throw Frost           Conj/Ice       ####..       6%          2    ##.....
c - Ozocubu's Armour      Chrm/Ice       #####...     7%          3    ###....


Dungeon Overview and Level Annotations

Branches:
Dungeon (9/15)             Temple (1/1) D:7
   Lair: D:8-11         Orc: D:9-12

Altars:
Ashenzari
Cheibriados
Dithmenos
Elyvilon
Fedhas
Gozag
Hepliaklqana
Kikubaaqudgha
Makhleb
Nemelex Xobeh
Okawaru
Qazlal
Ru
Sif Muna
Trog
Uskayaw
Vehumet
Wu Jian
Yredelemnul
Zin

Shops:
D:6 *   D:7 =

Annotations:
D:6 1 exclusion
D:8 Stone's ghost, novice OpIE


Innate Abilities, Weirdness & Mutations

You cannot wear most types of armour.
You are very stealthy in the water. (Stealth+)
You are amphibious.
You can wear up to eight rings at the same time.
You can use your tentacles to constrict eight enemies at once.
Your skin changes colour to match your surroundings (Stealth+).
Your rubbery body absorbs attacks. (AC +1, EV +1)


Message History

Casting: Throw Frost (safe; 6% risk of failure)
Confirm with . or Enter, or press ? or * to list all spells.
Aiming: Freeze (safe; 1% risk of failure)
Press: ? - help, Shift-Dir - straight line, f/p - orc warrior
Aim: an orc warrior, wielding a battleaxe and wearing a plate armour (heavily wounded)
You feel a strong surge of power!
You freeze the orc warrior.
The orc warrior is severely wounded.
The orc warrior hits you with a battleaxe!!
Ouch! That really hurt!
* * * LOW HITPOINT WARNING * * *
You take 29 damage, and have 3/56 hp.
MASSIVE DAMAGE!!
You now have 1/13 mp.
Casting: Freeze (safe; 1% risk of failure)
Confirm with . or Enter, or press ? or * to list all spells.
Aiming: Freeze (safe; 1% risk of failure)
Press: ? - help, Shift-Dir - straight line, f/p - orc warrior
Aim: an orc warrior, wielding a battleaxe and wearing a plate armour (severely wounded)
You feel a strong surge of power!
You freeze the orc warrior.
The orc warrior is severely wounded.
The orc hits you with a war axe!
You die...

.# #.# #.. # .# #.#
#.# # .# #.# #.# #
####. #.# #.# # ....
#.# #.### #..# ##.##
#.##. #..#
#...###.##.
#.o######..#..##.##.
#.o@......###....##O
#.###.###[.#..#...#.
#.# .# ##......#...
#o# .# ######...#.
#)# .. ......... #.#
.# #####.### #.# .#
#.# #.# .# #.# ..#
#.


You could see an orc warrior and an orc.

Vanquished Creatures
  A two-headed ogre (D:8)
  Psyche (D:9)
  Prince Ribbit (D:7)
  Duvessa (D:6)
  2 orc warriors (D:7)
  3 sky beasts (D:7)
  An ogre (D:9)
  3 centaurs
  3 bullfrogs
  Dowan (D:6)
  7 jellies
  A wyvern skeleton (D:6)
  5 killer bees (D:6)
  A scorpion (D:7)
  2 crimson imps
  A centaur skeleton (D:4)
  3 bullfrog skeletons
  4 orc priests
  Jessica (D:2)
  8 orc wizards
  An iguana (D:9)
  4 worker ants
  A hound zombie (D:8)
  2 hound skeletons
  A howler monkey skeleton (D:4)
  10 adders
  2 shadow imps
  An ooze (D:2)
  An adder zombie (D:5)
  A worm (D:3)
  3 dart slugs
  7 leopard geckos
  23 orcs
  2 ball pythons
  6 bats
  7 giant cockroaches
  12 goblins
  6 hobgoblins
  14 jackals
  7 quokkas
  5 frilled lizards
  4 kobolds
  A quokka zombie (D:6)
  13 rats
184 creatures vanquished.

Notes
Turn   | Place    | Note
-------+----------+-------------------------------------------
     0 | D:1      | Banto the Octopode Ice Elementalist began the quest for the Orb.
     0 | D:1      | Reached XP level 1. HP: 11/11 MP: 3/3
    82 | D:1      | Reached skill level 3 in Stealth
   205 | D:1      | Reached XP level 2. HP: 17/17 MP: 5/5
   431 | D:1      | Learned a level 2 spell: Throw Frost
   485 | D:1      | Reached XP level 3. HP: 12/21 MP: 6/6
   490 | D:1      | Learned a level 3 spell: Ozocubu's Armour
   513 | D:1      | Reached skill level 4 in Stealth
  1021 | D:2      | Reached XP level 4. HP: 21/27 MP: 7/7
  1106 | D:2      | Noticed Jessica
  1126 | D:2      | Killed Jessica
  1126 | D:2      | Reached skill level 1 in Short Blades
  1572 | D:2      | Reached skill level 5 in Stealth
  1926 | D:3      | Reached XP level 5. HP: 25/31 MP: 8/8
  2413 | D:3      | Found an ornate altar of the Wu Jian Council.
  2614 | D:4      | Reached XP level 6. HP: 9/36 MP: 4/9
  2844 | D:4      | Reached skill level 6 in Stealth
  3222 | D:5      | Entered Level 5 of the Dungeon
  3497 | D:5      | Reached XP level 7. HP: 33/41 MP: 2/10
  3848 | D:5      | Reached skill level 5 in Short Blades
  3848 | D:5      | Reached skill level 7 in Stealth
  4499 | D:6      | Noticed Duvessa
  4516 | D:6      | Reached skill level 8 in Stealth
  4516 | D:6      | Reached XP level 8. HP: 45/46 MP: 11/11
  4685 | D:6      | Found a hazy altar of Hepliaklqana.
  4792 | D:6      | Noticed Dowan
  4809 | D:6      | Killed Duvessa
  4824 | D:6      | Killed Dowan
  5001 | D:6      | Found a shadowy altar of Dithmenos.
  5114 | D:6      | Found Bauhunopp's General Store.
  5131 | D:6      | Found a white marble altar of Elyvilon.
  5352 | D:6      | Reached skill level 9 in Stealth
  5510 | D:6      | Found a stormy altar of Qazlal.
  5513 | D:6      | Found a hide-covered altar of Uskayaw.
  5516 | D:6      | Found a sparkling altar of Nemelex Xobeh.
  5519 | D:6      | Found a bloodstained altar of Trog.
  5832 | D:7      | Found a staircase to the Ecumenical Temple.
  5875 | D:7      | Noticed Prince Ribbit
  5881 | D:7      | Killed Prince Ribbit
  5881 | D:7      | Reached skill level 10 in Stealth
  5881 | D:7      | Reached XP level 9. HP: 39/51 MP: 7/12
  6019 | Temple   | Entered the Ecumenical Temple
  6212 | Temple   | Became a worshipper of Sif Muna the Loreminder
  6493 | D:7      | Found Tefot's Jewellery Boutique.
  7436 | D:7      | You fall through a shaft for 2 floors!
  8058 | D:9      | Noticed Psyche
  8060 | D:9      | Noticed a two-headed ogre
  8063 | D:9      | Killed Psyche
  8063 | D:9      | Reached skill level 10 in Short Blades
  8063 | D:9      | Reached skill level 11 in Stealth
  8238 | D:8      | Got a polished dagger
  8252 | D:8      | Found a shattered altar of Ashenzari.
  8257 | D:8      | Noticed a two-headed ogre
  8262 | D:8      | Killed a two-headed ogre
  8262 | D:8      | Reached * piety under Sif Muna
  8262 | D:8      | Reached skill level 5 in Ice Magic
  8262 | D:8      | Reached XP level 10. HP: 56/56 MP: 13/13
  8272 | D:8      | Identified the +2 dagger of Nialeas {holy, rElec Str+3 Int+3} (You found it on level 8 of the Dungeon)
  8278 | D:8      | Noticed Stone's ghost (novice OpIE)
  8526 | D:8      | Noticed a two-headed ogre
  9625 | D:8      | Mangled by an orc

Vault maps used:
D:1:      saegor_arrival_under_anarchy
D:2:      kennysheep_the_goblin_king, uniq_jessica
D:3:      lemuel_coloured_pillars_altar
D:4:      cheibrodos_helix_gallery
D:5:      first_ration
D:6:      kennysheep_mini, grunt_temple_overflow_cloverleaf, serial_shops, shop,
          basic_altar, nicolae_dithmenos_the_darkroom, uniq_duvessa
D:7:      minmay_temple_entry_statues, serial_shops, nicolae_shop_stone,
          uniq_prince_ribbit1
D:8:      lemuel_doored_altar, tso_altar
D:9:      xom_butterflies, the_bakery, uniq_psyche
Temple:   oiseaux_autumnal_temple

Skill      XL: |  1  2  3  4  5  6  7  8  9 |
---------------+----------------------------+-----
Stealth        | 3 4 5 6 8 10 11 | 11.1
Short Blades   | 2 3 4 6 8 10 | 10.2
Ice Magic      | 5 |  5.7
Charms         | 3 |  3.9
Dodging        | |  2.0
Spellcasting   | |  2.0
Conjurations   | |  1.0

Action                   |  1- 3 |  4- 6 |  7- 9 | 10-12 || total
-------------------------+-------+-------+-------+-------++-------
Melee: Dagger            |    54 |   118 |   133 |    17 ||   322
       Constrict         |    16 |    31 |    19 |     3 ||    69
       Tentacles         |    10 |    22 |    17 |     4 ||    53
       Unarmed           |     1 |       |       |       ||     1
       Staff             |       |       |     1 |       ||     1
 Cast: Freeze            |     5 |     4 |    14 |     2 ||    25
       Throw Frost       |     1 |    10 |    44 |    25 ||    80
       Ozocubu's Armour  |       |       |     3 |       ||     3
  Use: Scroll            |     3 |     9 |     7 |       ||    19
       Potion            |       |       |     2 |       ||     2
 Stab: Sleeping          |    12 |     9 |    17 |     1 ||    39
  Eat: Chunk             |       |     9 |    14 |     2 ||    25
       Ration            |       |       |     1 |     1 ||     2
Armor: Skin              |     4 |     2 |    33 |     1 ||    40
Dodge: Dodged            |    28 |    55 |    57 |    13 ||   153

Table legend:
 A = Spawn XP
 B = Non-spawn XP
 C = Spawn XP percentage of total XP
 D = Spawn monster count
 E = Non-spawn monster count
 F = Spawn count percentage of total count
 G = Total turns spent on level
                    A         B        C        D         E        F      G
               +---------+---------+-------+---------+---------+-------+---------
         Total |       0 |    5465 |   0.0 |       0 |     184 |   0.0 |  9625
               +---------+---------+-------+---------+---------+-------+---------
           D:1 |       0 |      47 |   0.0 |       0 |      27 |   0.0 |   743
           D:2 |       0 |      99 |   0.0 |       0 |      24 |   0.0 |  1057
           D:3 |       0 |     117 |   0.0 |       0 |      29 |   0.0 |   730
           D:4 |       0 |     156 |   0.0 |       0 |      11 |   0.0 |   692
           D:5 |       0 |     373 |   0.0 |       0 |      23 |   0.0 |  1034
           D:6 |       0 |    1163 |   0.0 |       0 |      26 |   0.0 |  2196
           D:7 |       0 |    1500 |   0.0 |       0 |      19 |   0.0 |  1748
           D:8 |       0 |    1199 |   0.0 |       0 |      16 |   0.0 |   517
           D:9 |       0 |     811 |   0.0 |       0 |       9 |   0.0 |   683
               +---------+---------+-------+---------+---------+-------+---------

Table legend:
 A = Turns spent in this place as a percentage of turns spent in the entire game.
 B = Non-inter-level travel turns spent in this place as a percentage of non-inter-level travel turns spent in the entire game.
 C = Inter-level travel turns spent in this place as a percentage of turns spent in this place.
 D = Turns resting spent in this place as a percentage of non-inter-level travel turns spent in this place.
 E = Turns spent auto-exploring this place as a percentage of non-inter-level travel turns spent in this place.
 F = Non-inter-level travel turns spent in this place divided by the number of levels of this place that you've seen.
                   A       B       C       D       E      F
               +-------+-------+-------+-------+-------+----------------------
         Total | 100.0 | 100.0 |   5.6 |  33.4 |  45.5 | 908.4
       Dungeon |  97.7 |  98.1 |   5.2 |  34.1 |  44.5 | 990.2
        Temple |   2.3 |   1.9 |  23.6 |   0.0 |  98.3 | 172.0
               +-------+-------+-------+-------+-------+----------------------

Table legend:
 A = Kills in this place as a percentage of kills in entire the game.
 B = Kills by you in this place as a percentage of kills by you in the entire game.
 C = Kills by friends in this place as a percentage of kills by friends in the entire game.
 D = Other kills in this place as a percentage of other kills in the entire game.
 E = Experience gained in this place as a percentage of experience gained in the entire game.
 F = Experience gained in this place divided by the number of levels of this place that you have seen.
                   A       B       C       D       E      F
               +-------+-------+-------+-------+-------+----------------------
         Total | 100.0 | 100.0 |   N/A |   N/A | 100.0 | 546.5
       Dungeon | 100.0 | 100.0 |   N/A |   N/A | 100.0 | 607.2
               +-------+-------+-------+-------+-------+----------------------
